 Dungeon Crawl Stone Soup version 0.29.1-14-g9c671dbff4 (webtiles) character file.

Game seed: 709916093786396272

135 leafyfresh the Changer (level 5, -2/33 HPs)
             Began as an Octopode Transmuter on Feb 14, 2023.
             Killed from afar by an orc wizard (9 damage)
             ... with a magic dart
             ... on level 4 of the Dungeon.
             The game lasted 00:04:56 (3447 turns).

leafyfresh the Changer (Octopode Transmuter)        Turns: 3447, Time: 00:04:58

Health: -2/33      AC:  1    Str: 16    XL:     5   Next: 18%
Magic:  6/8        EV: 13    Int: 17    God:
Gold:   123        SH:  0    Dex: 12    Spells: 2/8 levels left

rFire   . . .      SeeInvis .   x - +9 mace "Toteso Lyera" {vorpal, Contam rElec Str+6}
rCold   . . .      Faith    +   (no shield)
rNeg    . . .      Spirit   .   (helmet restricted)
rPois   .          Reflect  .   u - amulet of faith
rElec   +          Harm     .   (no ring)
rCorr   .          Rampage  .   (no ring)
Will    .....                   (no ring)
Stlth   ++........              (no ring)
HPRegen 0.11/turn               (no ring)
MPRegen 0.11/turn               (no ring)
                                (no ring)
                                (no ring)

@: no status effects
A: almost no armour, amphibious, 8 rings, camouflage 1, gelatinous body 1,
(nimble swimmer 1), tentacles
a: no special abilities


You were on level 4 of the Dungeon.
You visited 1 branch of the dungeon, and saw 4 of its levels.

You collected 123 gold pieces.

Inventory:

Hand Weapons
 b - a +0 spear
 c - a +0 short sword of electrocution
 h - a +2 vampiric short sword
 r - a +0 sling
 t - a +1 dagger of venom
 x - the +9 mace "Toteso Lyera" (weapon) {vorpal, Contam rElec Str+6}
   (You found it on level 3 of the Dungeon)

   It inflicts extra damage upon your enemies.
   Str:       It affects your strength (+6).
   rElec:     It insulates you from electricity.
   Contam:    It causes magical contamination when unequipped.
Armour
 z - a +1 pair of gloves
Jewellery
 u - an amulet of faith (around mantle)
Scrolls
 i - a scroll of poison {unknown}
 j - a scroll of teleportation {unknown}
 l - a scroll of noise {unknown}
 m - 2 scrolls of identify {unknown}
 n - a scroll of vulnerability {unknown}
 o - a scroll of torment {unknown}
 q - a scroll of immolation {unknown}
 v - a scroll of blinking {unknown}
 w - a scroll of silence {unknown}
 y - a scroll of enchant armour {unknown}
Potions
 a - 2 potions of lignification
 d - a potion of cancellation {unknown}
 e - 2 potions of curing {unknown}
 f - 2 potions of degeneration {unknown}
 g - a potion of brilliance {unknown}
 k - 2 potions of mutation {unknown}
 p - a potion of attraction {unknown}
 s - a potion of heal wounds {unknown}


   Skills:
 - Level 1.0 Fighting
 - Level 2.0 Dodging
 - Level 3.0 Unarmed Combat
 - Level 2.0 Spellcasting
 + Level 5.2 Transmutations


You had 2 spell levels left.
You knew the following spells:

 Your Spells              Type           Power      Damage    Failure   Level
a - Beastly Appendage     Tmut           38%        N/A       2%          1
b - Spider Form           Tmut/Pois      10%        N/A       21%         3
c - Wereblood             Tmut           19%        N/A       3%          2

Your spell library contained the following spells:

 Spells                   Type           Power      Damage    Failure   Level
 Stone Arrow              Conj/Erth      2%         3d7       50%         3
 Ice Form                 Ice/Tmut       10%        N/A       54%         4
 Lehudib's Crystal Spear  Conj/Erth      0%         10d2      100%        8
 Animate Armour           Summ/Erth      Unusable   N/A       N/A         4

Dungeon Overview and Level Annotations

Branches:
Dungeon (4/15)
 Temple: D:4-7

Altars:

Annotations:
D:3 1 runed translucent door, SirLogeyBear's ghost, weakling HOBe


Innate Abilities, Weirdness & Mutations

You cannot wear most types of armour.
You are amphibious.
You can wear up to eight rings at the same time.
Your skin changes colour to match your surroundings (Stealth+).
Your rubbery body absorbs attacks. (AC +1, EV +1)
((You are camouflaged when in or above water. (Stealth+)))
You have tentacles for arms and can constrict up to eight enemies at once.


Message History

The orc closely misses you.
You closely miss the orc wizard.
The orc wizard is moderately wounded.
The orc wizard gestures wildly while chanting.
The orc wizard flickers and vanishes!
Deactivating autopickup; reactivate with Ctrl-A.
The orc misses you.
You completely miss the orc. You hit the orc.
The orc is poisoned.
The orc is heavily wounded.
Something hits you. The orc closely misses you.
You bite the orc!
You kill the orc!
Your transformation has ended.
The +9 mace "Toteso Lyera" {vorpal, Contam rElec Str+6} unmelds from your body.
Something hits you.
No target in view!
No target in view!
No target in view!
No target in view!
You miss something.
You hear some strange, mumbled words.
You are confused.
You hear some strange, mumbled words.
A puff of flame appears from out of thin air!
The puff of flame hits you.
You bump into the rock wall.
Something hits you.
You bump into the rock wall.
Something hits you.
You bump into the rock wall.
Something hits you.
* * * LOW HITPOINT WARNING * * *
You barely miss something. Your squeeze misses something.
Something barely misses you.
You completely miss something.
You feel less confused. Something hits you.
* * * LOW HITPOINT WARNING * * *
You hear some strange, mumbled words.
A magic dart appears from out of thin air!
The magic dart hits you!
You die...

. ... ## #..#
#####....
#...#####<.......
#...{@........###
#...)######.###
#..#.. .# ... #..
# # #.. ... ####


There were no monsters in sight!

Vanquished Creatures
  An orc wizard (D:4)
  2 adders (D:3)
  2 worms (D:2)
  4 dart slugs
  6 orcs
  5 endoplasms
  3 giant cockroaches
  7 goblins
  8 hobgoblins
  7 kobolds
  4 quokkas
  5 ball pythons
  5 bats
  4 frilled lizards
  4 rats
67 creatures vanquished.

Notes
Turn   | Place    | Note
-------+----------+-------------------------------------------
     0 | D:1      | leafyfresh the Octopode Transmuter began the quest for the
                  | Orb.
     0 | D:1      | Reached XP level 1. HP: 13/13 MP: 3/3
   362 | D:1      | Reached XP level 2. HP: 13/18 MP: 5/5
   609 | D:1      | Reached skill level 3 in Transmutations
  1043 | D:1      | Reached XP level 3. HP: 23/23 MP: 6/6
  1678 | D:2      | Learned a level 3 spell: Spider Form
  1681 | D:2      | Learned a level 2 spell: Wereblood
  1687 | D:2      | Found a faded altar of an unknown god.
  1945 | D:2      | Reached skill level 4 in Transmutations
  2197 | D:2      | Reached XP level 4. HP: 24/28 MP: 4/7
  2902 | D:3      | Identified the +9 mace "Toteso Lyera" {vorpal, Contam rElec
                  | Str+6}
  3063 | D:3      | Found a runed translucent door.
  3063 | D:3      | Noticed SirLogeyBear's ghost (weakling HOBe)
  3431 | D:4      | Reached skill level 5 in Transmutations
  3431 | D:4      | Reached XP level 5. HP: 33/33 MP: 4/8
  3447 | D:4      | Killed from afar by an orc wizard

Illustrated notes

Levels and vault maps discovered:
D:1:      dpeg_arrival_central, layout_basic
D:2:      layout_rooms, ebering_ecumenical_altar_rust
D:3:      layout_rooms, hellmonk_ghost_happy_afterlife, palyth_stone_intersect
D:4:      layout_loops_ring, dreamdust_princess_bridge, nicolae_grassy_gnolls

Skill      XL: |  1  2  3  4 |
---------------+-------------+-----
Transmutations | 3 4 5 |  5.2
Fighting       | |  1.0
Dodging        | |  2.0
Unarmed Combat | |  3.0
Spellcasting   | |  2.0

Action                   |  1- 3 |  4- 6 || total
-------------------------+-------+-------++-------
Melee: Unarmed           |    31 |    44 ||    75
       Short sword       |    56 |     2 ||    58
       Tentacles         |    10 |     3 ||    13
       Constrict         |    12 |     4 ||    16
       Punch             |     2 |       ||     2
       Kick              |     3 |       ||     3
       Mace              |       |    13 ||    13
 Cast: Beastly Appendage |     3 |       ||     3
       Spider Form       |     2 |     4 ||     6
 Stab: Sleeping          |     9 |     2 ||    11
Armor: Skin              |    11 |     3 ||    14
Dodge: Dodged            |    57 |    48 ||   105
